 Dungeon Crawl Stone Soup version 0.29.1-15-g9cfb28693d (webtiles) character file.

Game seed: 15562158657484058163

73469 nonceun the Severer (level 15, -16/143 HPs)
             Began as a Minotaur Berserker on Mar 15, 2023.
             Was a High Priest of Trog.
             Demolished by a titanic slime creature (47 damage)
             ... on level 13 of the Dungeon.
             The game lasted 01:28:01 (26151 turns).

nonceun the Severer (Minotaur Berserker)           Turns: 26151, Time: 01:28:01

Health: -16/143    AC: 29    Str: 33    XL:     15   Next: 4%
Magic:  14/14      EV: 16    Int:  6    God:    Trog [*****.]
Gold:   888        SH:  6    Dex: 10    Spells: 14/14 levels left

rFire   . . .      SeeInvis .   a - +6 broad axe (protect)
rCold   . . .      Faith    .   E - +0 buckler
rNeg    . . .      Spirit   .   g - +3 plate armour
rPois   +          Reflect  .   (helmet restricted)
rElec   .          Harm     .   j - +2 cloak
rCorr   .          Rampage  .   D - +2 pair of gloves
Will    +++..                   P - +2 pair of boots
Stlth   ..........              R - amulet of the acrobat
HPRegen 1.33/turn               X - +4 ring of evasion
MPRegen 0.14/turn               C - +6 ring of strength

@: strong-willed, regenerating
A: horns 2, retaliatory headbutt, hooves 1, mutation resistance 1, poison
resistance, screaming 1
a: Renounce Religion, Berserk, Trog's Hand, Brothers in Arms


You were on level 13 of the Dungeon.
You worshipped Trog.
Trog was extremely pleased with you.
You visited 3 branches of the dungeon, and saw 20 of its levels.
You also visited: Bailey.

You collected 2410 gold pieces.
You spent 1522 gold pieces at shops.

Inventory:

Hand Weapons
 a - a +6 broad axe of protection (weapon)
 b - the +7 battleaxe of Ehuzeec {flame, +Blink rPois}
   (You found it on level 11 of the Dungeon)

   It burns those it strikes, dealing additional fire damage.
   Big, fiery blades are also staple armaments of hydra-hunters.
   rPois:     It protects you from poison.
   +Blink:    It lets you blink.
Missiles
 c - 195 stones (quivered)
 w - a throwing net
Armour
 g - a +3 plate armour (worn)
 j - a +2 cloak (worn)
 D - a +2 pair of gloves (worn)
 E - a +0 buckler (worn)
 P - a +2 pair of boots (worn)
Jewellery
 e - a ring of willpower
 t - a ring of protection from fire
 C - a +6 ring of strength (right hand)
 F - a ring of resist corrosion
 R - an amulet of the acrobat (around neck)
 V - a ring of ice
 X - a +4 ring of evasion (left hand)
Wands
 i - a wand of roots (14)
 m - a wand of light (6)
 p - a wand of flame (37)
 x - a wand of digging (8)
 y - a wand of polymorph (11)
 O - a wand of paralysis (9)
Scrolls
 f - 4 scrolls of blinking
 l - a scroll of identify
 o - 7 scrolls of teleportation
 s - 5 scrolls of magic mapping
 u - a scroll of summoning
 v - 3 scrolls of fear
 J - 2 scrolls of butterflies
 M - 2 scrolls of silence
 Q - 3 scrolls of poison
 U - a scroll of vulnerability
Potions
 d - 6 potions of curing
 h - 6 potions of attraction
 k - 8 potions of might
 n - 3 potions of magic
 q - 4 potions of flight
 z - 8 potions of heal wounds
 A - a potion of invisibility
 B - a potion of resistance
 G - 2 potions of haste
 L - 3 potions of lignification
Miscellaneous
 Y - a tin of tremorstones (2/2)
 Z - a lightning rod (4/4)


   Skills:
 + Level 15.9 Fighting
 - Level 18.0 Axes
 * Level 12.7 Armour
 * Level 12.0 Dodging
 * Level 12.3 Shields
 * Level 3.6 Evocations


You had 14 spell levels left.
You didn't know any spells.
Your spell library contained the following spells:

 Spells                   Type           Power      Damage    Failure   Level
 Apportation              Tloc           0%         N/A       97%         1
 Freeze                   Ice            0%         1d3       97%         1
 Blink                    Tloc           0%         N/A       99%         2
 Frozen Ramparts          Ice            0%         1d1       100%        3
 Gell's Gravitas          Tloc           0%         N/A       100%        3
 Ozocubu's Armour         Ice            0%         N/A       100%        3
 Teleport Other           Tloc           0%         N/A       100%        3
 Cause Fear               Hex            0%         N/A       100%        4
 Hailstorm                Conj/Ice       0%         3d3       100%        4
 Ice Form                 Ice/Tmut       0%         N/A       100%        4
 Leda's Liquefaction      Hex/Erth       0%         N/A       100%        4
 Petrify                  Tmut/Erth      0%         N/A       100%        4
 Summon Ice Beast         Ice/Summ       0%         N/A       100%        4
 Alistair's Intoxication  Tmut/Pois      0%         N/A       100%        5
 Lee's Rapid Deconstruct  Erth           0%         3d5*      100%        5
 Manifold Assault         Tloc           0%         N/A       100%        5
 Metabolic Englaciation   Hex/Ice        0%         N/A       100%        5
 Dispersal                Tloc           0%         N/A       100%        6
 Statue Form              Tmut/Erth      0%         N/A       100%        6
 Dragon Form              Tmut           0%         N/A       100%        7
 Ozocubu's Refrigeration  Ice            0%         4d7       100%        7
 Storm Form               Tmut/Air       0%         N/A       100%        7
 Dragon's Call            Summ           0%         N/A       100%        9


Dungeon Overview and Level Annotations

Branches:
Dungeon (13/15)            Temple (0/1) D:5            Lair (5/5) D:10
 Shoals (0/4) Lair:2        Snake (0/4) Lair:3        Slime (0/5) Lair:4
    Orc (2/2) D:9             Elf (0/3) Orc:2        Vaults (0/5) D:13
 Bailey (visited)

Altars:
Ashenzari
Cheibriados
Dithmenos
Fedhas
Gozag
Makhleb
Nemelex Xobeh
Okawaru
Qazlal
Sif Muna
Trog
Wu Jian
The Shining One

Shops:
D:2 [   D:4 !?(   D:7 [[   D:11 !   Orc:1 *   Orc:2 ?*?[

Annotations:
D:12 2 runed translucent doors


Innate Abilities, Weirdness & Mutations

You have a pair of horns on your head.
You reflexively headbutt those who attack you in melee.
You have large cloven feet.
You are somewhat resistant to further mutation.
Your system is resistant to poisons. (rPois)
You occasionally shout uncontrollably at your foes.


Message History

Trog accepts your kill.
A slime creature comes into view. x2
The slime creature quivers. x3
You slash the very large slime creature!
Your headbutt misses the very large slime creature.
The very large slime creature is lightly wounded.
You hit the very large slime creature.
The very large slime creature is lightly wounded.
Two slime creatures merge to form an enormous slime creature.
You hit the enormous slime creature.
The enormous slime creature is lightly wounded.
A manticore comes into view.
Two slime creatures merge to form a titanic slime creature.
You barely miss the titanic slime creature.
The titanic slime creature is lightly wounded.
You slice the titanic slime creature!!
Your headbutt misses the titanic slime creature.
The titanic slime creature is lightly wounded.
You barely miss the titanic slime creature.
Your headbutt misses the titanic slime creature.
The titanic slime creature is lightly wounded.
The titanic slime creature hits you!!!!
Ouch! That really hurt!
Okay, then.
There is an open door here.
The titanic slime creature attacks as you move away!
The titanic slime creature misses you.
The titanic slime creature jiggles.
The titanic slime creature attacks as you move away!
The titanic slime creature completely misses you.
There is an open door here.
The titanic slime creature attacks as you move away!
You block the titanic slime creature's attack.
The titanic slime creature attacks as you move away!
The titanic slime creature hits you!!
* * * LOW HITPOINT WARNING * * *
Your skin crawls.
You feel strong-willed. The titanic slime creature hits you!!!
You die...

#...## #.. ##...# #..# #..##
###'## #####'### #...####.....
#.......# #####...##.#...#
#.......#### #........#......
#.......J..# #........'...∩..
#.......##H## #........#......
#.......##..###.......##.#...#
#.......###.J@.......####.....
#.......# #####.....## ###'##
#.......# #.....## ##...#
#?......# #####..####.....
##+###### #...##......
#........... ######+.###.####
............# ..........######


You could see a titanic slime creature, a slime creature and a manticore.

Vanquished Creatures
  Frances (D:12)
  An ettin (Orc:2)
  A fire dragon (Lair:5)
  The ghost of PhantomBowie the Fighter, a journeyman MiFi (Lair:1)
  4 vault guards (D:13)
  2 catoblepae
  12 hydras
  2 centaur warriors (D:13)
  5 two-headed ogres
  6 death yaks (Lair:1)
  An orc high priest (Orc:2)
  An orange crystal statue (D:12)
  The ghost of Jingleheimer the Cleaver, a novice NaMo of Cheibriados (D:6)
  2 lindwurms (Lair:5)
  6 orc knights
  A deep elf pyromancer (D:12)
  3 orc sorcerers (Orc:2)
  An ugly thing (D:12)
  5 cyclopes
  A manticore (Lair:2)
  3 elephants (Lair:5)
  The ghost of SirLogeyBear the Cleaver, a novice HOBe of Trog (D:6)
  4 black mambas
  7 torpor snails
  8 cane toads
  6 komodo dragons
  4 rime drakes
  A tengu conjurer (D:13)
  8 trolls
  A polar bear (Lair:5)
  3 tyrant leeches (Lair:5)
  8 hornets (Lair:5)
  38 blink frogs
  A wind drake (Lair:2)
  6 slime creatures
  4 spriggans (Bailey)
  35 yaks
  7 wyverns
  3 basilisks
  Eustachio (D:4)
  A steam dragon (D:9)
  Menkaure (D:5)
  12 vampire mosquitoes
  3 nagas (Lair:3)
  10 water moccasins
  2 wargs
  4 acid dragons
  3 ice beasts
  23 orc warriors
  2 sky beasts (D:7)
  4 black bears
  10 ogres
  5 wolves
  4 centaurs
  2 kobold brigands
  9 bullfrogs
  A gnoll sergeant (D:13)
  A necrophage (D:6)
  2 scorpions
  7 wights
  8 killer bees (D:8)
  2 electric eels
  2 howler monkeys (D:9)
  3 jellies
  A hound (Orc:2)
  21 orc priests
  An iguana (D:7)
  Ijyb (D:5)
  18 orc wizards
  10 gnolls
  7 adders
  2 shadow imps
  3 white imps (D:9)
  4 ufetubi
  A worm (D:4)
  4 dart slugs
  83 orcs
  7 bats
  6 endoplasms
  7 giant cockroaches (D:1)
  8 hobgoblins
  8 jackals
  6 quokkas
  6 ball pythons
  2 frilled lizards
  9 goblins
  15 kobolds
  4 rats
561 creatures vanquished.

Vanquished Creatures (collateral kills)
  2 orc high priests (Orc:2)
  An orc knight (Orc:2)
  An orc sorcerer (Orc:2)
4 creatures vanquished.

Vanquished Creatures (others)
  An orc wizard (Orc:2)
  An orc (Orc:2)
  18 fungi
  43 plants
63 creatures vanquished.

Grand Total: 628 creatures vanquished

Notes
Turn   | Place    | Note
-------+----------+-------------------------------------------
     0 | D:1      | nonceun the Minotaur Berserker began the quest for the Orb.
     0 | D:1      | Reached XP level 1. HP: 19/19 MP: 0/0
    24 | D:1      | Reached skill level 4 in Axes
    77 | D:1      | Reached XP level 2. HP: 8/26 MP: 1/1
   423 | D:1      | Reached ** piety under Trog
   424 | D:1      | Reached skill level 5 in Axes
   430 | D:1      | Reached XP level 3. HP: 28/31 MP: 2/2
  1098 | D:2      | Found Eplunkesh's Armour Boutique.
  1138 | D:2      | Found a stormy altar of Qazlal.
  1572 | D:2      | Reached XP level 4. HP: 39/39 MP: 3/3
  1692 | D:2      | Found a faded altar of an unknown god.
  1707 | D:2      | Reached skill level 6 in Axes
  2173 | D:3      | Found an iron altar of Okawaru.
  2606 | D:4      | Reached *** piety under Trog
  2614 | D:4      | Reached skill level 7 in Axes
  2614 | D:4      | Reached XP level 5. HP: 38/45 MP: 4/4
  3069 | D:4      | Found a glowing golden altar of the Shining One.
  3122 | D:4      | Found Wirococ's Antique Weapon Shop.
  3122 | D:4      | Found Ikiaclob's Magic Scroll Boutique.
  3123 | D:4      | Found Zirofos's Distillery.
  3129 | D:4      | Bought a scroll of identify for 26 gold pieces
  3129 | D:4      | Bought a scroll of identify for 26 gold pieces
  3129 | D:4      | Bought a scroll of teleportation for 39 gold pieces
  3129 | D:4      | Bought a scroll of fear for 52 gold pieces
  3131 | D:4      | Bought a potion of curing for 30 gold pieces
  3131 | D:4      | Bought a potion of degeneration for 10 gold pieces
  3304 | D:4      | Noticed a yak
  3304 | D:4      | Noticed a yak
  3320 | D:4      | Noticed a yak
  3320 | D:4      | Noticed a yak
  3336 | D:4      | Killed a yak
  3337 | D:4      | Reached skill level 8 in Axes
  3337 | D:4      | Reached XP level 6. HP: 31/51 MP: 5/5
  3340 | D:4      | Killed a yak
  3341 | D:4      | Reached skill level 9 in Axes
  3341 | D:4      | Reached XP level 7. HP: 32/57 MP: 6/6
  3351 | D:4      | Killed a yak
  3352 | D:4      | Reached skill level 10 in Axes
  3361 | D:4      | Killed a yak
  3840 | D:4      | Found a snail-covered altar of Cheibriados.
  3843 | D:4      | Noticed Eustachio
  3857 | D:4      | Killed Eustachio
  3858 | D:4      | Reached skill level 11 in Axes
  3987 | D:5      | Entered Level 5 of the Dungeon
  4001 | D:4      | Reached XP level 8. HP: 65/67 MP: 7/7
  4055 | D:5      | Noticed Ijyb
  4072 | D:5      | Killed Ijyb
  4076 | D:5      | Reached skill level 5 in Fighting
  4395 | D:5      | Noticed Menkaure
  4417 | D:4      | Reached skill level 12 in Axes
  4585 | D:5      | Killed Menkaure
  4861 | D:5      | Found an opulent altar of Gozag.
  4953 | D:5      | Found a staircase to the Ecumenical Temple.
  5065 | D:5      | Found a burning altar of Makhleb.
  5065 | D:5      | Noticed a blizzard demon
  5111 | D:5      | Noticed an orange demon
  5274 | D:6      | Reached **** piety under Trog
  5751 | D:6      | Found a shadowy altar of Dithmenos.
  6013 | D:6      | Found a runed translucent gate.
  6014 | D:6      | Found a runed translucent gate.
  6015 | D:6      | Found a runed translucent gate.
  6017 | D:6      | Noticed Jingleheimer's ghost (novice NaMo)
  6017 | D:6      | Noticed SirLogeyBear's ghost (novice HOBe)
  6214 | D:7      | Found an ornate altar of the Wu Jian Council.
  6263 | D:7      | Reached XP level 9. HP: 71/75 MP: 8/8
  6293 | D:7      | Found Hyasicashra's Antique Armour Shoppe.
  6369 | D:7      | Reached skill level 5 in Armour
  6663 | D:7      | Found Fytzyj Ved's Armour Emporium.
  6805 | D:7      | Found a shimmering blue altar of Sif Muna.
  6998 | D:7      | Reached skill level 13 in Axes
  7180 | D:7      | Bought a buckler for 126 gold pieces
  7566 | D:8      | Found a flagged portal.
  7573 | D:8      | Reached skill level 1 in Shields
  7609 | Bailey   | Entered a bailey
  8023 | Bailey   | Reached skill level 5 in Dodging
  8206 | Bailey   | Reached XP level 10. HP: 79/88 MP: 9/9
  8289 | Bailey   | Noticed a two-headed ogre
  8305 | Bailey   | Killed a two-headed ogre
  8306 | Bailey   | Reached skill level 14 in Axes
  8641 | D:8      | Identified 2 scrolls of acquirement
  9002 | D:8      | Found a bloodstained altar of Trog.
  9084 | D:8      | Found a broken altar of Ashenzari.
  9486 | D:9      | Noticed a two-headed ogre
  9504 | D:9      | Found Horroef's Magic Scroll Emporium.
  9517 | D:8      | Killed a two-headed ogre
  9518 | D:8      | Reached skill level 5 in Shields
  9559 | D:9      | Bought a scroll of identify for 26 gold pieces
  9559 | D:9      | Bought a scroll of identify for 26 gold pieces
  9934 | D:9      | Found a staircase to the Orcish Mines.
 10181 | D:10     | Entered Level 10 of the Dungeon
 10592 | D:10     | Reached XP level 11. HP: 97/97 MP: 10/10
 10623 | D:10     | Found a sparkling altar of Nemelex Xobeh.
 10786 | D:10     | Reached ***** piety under Trog
 10807 | D:10     | Reached skill level 15 in Axes
 10833 | D:10     | Found a staircase to the Lair.
 11028 | D:10     | Noticed a two-headed ogre
 11035 | D:10     | Killed a two-headed ogre
 11036 | D:10     | Reached skill level 10 in Fighting
 11224 | Lair:1   | Entered Level 1 of the Lair of Beasts
 11440 | Lair:1   | Noticed a death yak
 11457 | Lair:1   | Noticed a death yak
 11457 | Lair:1   | Noticed a death yak
 11468 | Lair:1   | Noticed a death yak
 11469 | Lair:1   | Noticed a death yak
 11470 | Lair:1   | Noticed a death yak
 11477 | Lair:1   | Killed a death yak
 11486 | Lair:1   | Killed a death yak
 11493 | Lair:1   | Killed a death yak
 11502 | Lair:1   | Killed a death yak
 11506 | Lair:1   | Killed a death yak
 11513 | Lair:1   | Killed a death yak
 11869 | Lair:1   | Found a runed translucent door.
 11870 | Lair:1   | Noticed PhantomBowie's ghost (journeyman MiFi)
 11917 | Lair:1   | Reached XP level 12. HP: 98/110 MP: 11/11
 12088 | Lair:1   | Noticed a four-headed hydra
 12237 | D:11     | Found Huol's Distillery.
 12271 | D:11     | Identified the +4 hand axe of Recklessness {flame, rF++
                  | Str+5 Dex-3}
 12337 | D:11     | Reached skill level 16 in Axes
 12655 | D:11     | Noticed an eight-headed hydra
 12837 | D:11     | Gained mutation: Your flesh is cold resistant. (rC+)
                  | [potion of mutation]
 12847 | D:11     | Noticed a seven-headed hydra
 12856 | D:12     | Noticed a four-headed hydra
 12870 | D:12     | Killed a seven-headed hydra
 13011 | D:12     | Found a runed translucent door.
 13030 | D:12     | Found a runed translucent door.
 13040 | D:12     | Found a runed translucent door.
 13051 | D:12     | Found a runed translucent door.
 13161 | D:12     | Noticed a seven-headed hydra
 13431 | D:13     | Found a gate to the Vaults.
 13431 | D:13     | Noticed a vault guard
 13431 | D:13     | Noticed a five-headed hydra
 13431 | D:13     | Noticed a vault guard
 13431 | D:13     | Noticed a vault guard
 13431 | D:13     | Noticed a two-headed ogre
 13431 | D:13     | Noticed a vault guard
 13431 | D:13     | Noticed an eight-headed hydra
 13431 | D:13     | Noticed a centaur warrior
 14067 | D:12     | Noticed Frances
 14076 | D:12     | HP: 7/168 [Frances/+0 dire flail (15)]
 14080 | D:12     | Killed Frances
 14081 | D:12     | HP: 5/169 [burnt (2)]
 14947 | D:11     | Identified the +7 battleaxe of Ehuzeec {flame, +Blink
                  | rPois}
 15312 | D:11     | Killed a five-headed hydra
 15497 | D:11     | Killed a five-headed hydra
 15974 | D:4      | Bought a potion of heal wounds for 50 gold pieces
 15974 | D:4      | Bought a potion of mutation for 80 gold pieces
 15974 | D:4      | Bought a potion of heal wounds for 50 gold pieces
 15974 | D:4      | Bought 2 potions of attraction for 60 gold pieces
 15975 | D:4      | Lost mutation: Your flesh is cold resistant. (rC+) [potion
                  | of mutation]
 15975 | D:4      | Gained mutation: You are frail. (-10% HP) [potion of
                  | mutation]
 15975 | D:4      | Gained mutation: You possess an exceptional clarity of
                  | mind. [potion of mutation]
 15983 | D:4      | Bought a scroll of enchant weapon for 97 gold pieces
 16130 | Lair:1   | Killed an eight-headed hydra
 16348 | Lair:1   | Reached skill level 10 in Armour
 16750 | Lair:1   | Reached XP level 13. HP: 100/109 MP: 12/12
 16990 | Lair:1   | Killed PhantomBowie's ghost
 17189 | D:6      | Killed Jingleheimer's ghost
 17197 | D:6      | Killed SirLogeyBear's ghost
 17198 | D:6      | Reached skill level 17 in Axes
 17591 | Lair:2   | Reached skill level 10 in Shields
 17867 | Lair:2   | Found a staircase to the Shoals.
 18469 | Lair:2   | Found a glowing golden altar of the Shining One.
 18636 | Lair:3   | Reached skill level 10 in Dodging
 18810 | Lair:3   | Reached skill level 18 in Axes
 19242 | Lair:3   | Lost mutation: You are frail. (-10% HP) [potion of
                  | mutation]
 19242 | Lair:3   | Lost mutation: You possess an exceptional clarity of mind.
                  | [potion of mutation]
 19242 | Lair:3   | Gained mutation: Your system is resistant to poisons.
                  | (rPois) [potion of mutation]
 19242 | Lair:3   | Gained mutation: You occasionally shout uncontrollably at
                  | your foes. [potion of mutation]
 19242 | Lair:3   | Gained mutation: You have large cloven feet. [potion of
                  | mutation]
 19242 | Lair:3   | Gained mutation: You are somewhat resistant to further
                  | mutation. [potion of mutation]
 19296 | Lair:3   | Found a staircase to the Snake Pit.
 19545 | Lair:3   | Received a gift from Trog
 19852 | Lair:4   | Found a staircase to the Slime Pits.
 19995 | Lair:4   | Found a blossoming altar of Fedhas.
 20016 | Lair:4   | Identified the +0 helmet of the World {Int+4}
 20447 | Lair:5   | Entered Level 5 of the Lair of Beasts
 20743 | Lair:5   | Reached XP level 14. HP: 118/130 MP: 13/13
 21769 | Lair:5   | Found a runed translucent door.
 21947 | Lair:5   | Reached skill level 1 in Evocations
 22812 | D:9      | Bought a scroll of noise for 13 gold pieces
 22812 | D:9      | Bought a scroll of identify for 26 gold pieces
 22812 | D:9      | Bought a scroll of identify for 26 gold pieces
 22812 | D:9      | Bought a scroll of blinking for 97 gold pieces
 22812 | D:9      | Bought a scroll of enchant weapon for 97 gold pieces
 22812 | D:9      | Bought a scroll of enchant weapon for 97 gold pieces
 22812 | D:9      | Bought a scroll of enchant armour for 97 gold pieces
 22812 | D:9      | Bought a scroll of enchant weapon for 97 gold pieces
 22860 | D:11     | Bought a potion of heal wounds for 70 gold pieces
 22860 | D:11     | Bought a potion of invisibility for 112 gold pieces
 23008 | Orc:1    | Entered Level 1 of the Orcish Mines
 23302 | Orc:1    | Found Tint's Assorted Antiques.
 23310 | Orc:1    | Bought a scroll labelled TYPRAI SAEC for 23 gold pieces
 23310 | Orc:1    | Bought a potion of curing for 69 gold pieces
 23546 | Orc:2    | Entered Level 2 of the Orcish Mines
 23871 | Orc:2    | Reached skill level 15 in Fighting
 23896 | Orc:2    | Found a staircase to the Elven Halls.
 24776 | Orc:2    | Found Fuag's Antique Armour Emporium.
 24776 | Orc:2    | Found Suoblul's Magic Scroll Boutique.
 24778 | Orc:2    | Found Owisit's Magic Scroll Emporium.
 24778 | Orc:2    | Found Pyjon's Assorted Antiques.
 25890 | D:13     | Reached XP level 15. HP: 106/143 MP: 14/14
 26151 | D:13     | Demolished by a titanic slime creature

Illustrated notes

Levels and vault maps discovered:
D:1:      ncdulo_wetmaze, layout_rooms
D:2:      layout_loops_corners, basic_altar, chequers_ecumenical_altar_twisty,
          serial_shops, nicolae_shop_waterfront, minivault_5
D:3:      layout_loops_ring, okawaru_gym_becter, minivault_5
D:4:      layout_gridville, mainiacjoe_overflow_alcove_2, kennysheep_little_box,
          nicolae_wooded_promenade, minmay_crossroads, uniq_eustachio
D:5:      layout_rooms, mainiacjoe_overflow_cross_hatched,
          makhleb_altar_promises_db, minmay_temple_entry_grid, uniq_menkaure,
          uniq_ijyb
D:6:      layout_loops_ring, grunt_dithmenos_shadows, gammafunk_ghost_cemetery
D:7:      layout_basic, nicolae_overflow_crystal_walls,
          nzn_wu_jian_council_hall, serial_shops, shop,
          nicolae_shop_window_shopping
D:8:      layout_loops_ring, lemuel_coloured_pillars_altar, lemuel_doored_altar,
          enter_bailey_5
D:9:      layout_loops_cross, orc_0_dummy, serial_shops,
          nicolae_shop_advertising_works [nicolae_subvault_shop_adworks],
          serial_ice, serial_ice_k, serial_ice_h, serial_ice_o, serial_ice_n
D:10:     layout_loops_ring, nemelex_xobeh_ov_fountains_minmay,
          grunt_lair_entry_orc_guard_hut
D:11:     layout_irregular_city, serial_shops, shop, minmay_misc_feat_iff,
          evilmike_butchery
D:12:     layout_roguey, dk_noncrumbling_4, minmay_statue_crystal_thing,
          uniq_frances
D:13:     layout_roguey, lightli_vaults_fourway_checkpoint,
          gammafunk_ghost_wrathful_warriors
Lair:1:   layout_loops_ring, ebering_ghost_reflecting_pool
Lair:2:   layout_regular_city, minmay_shoals_entry_beasts, basic_altar
Lair:3:   layout_regular_city, guppyfry_snake_entry_garden,
          chequers_serial_rivers_micro_a
Lair:4:   layout_gridlike, slime_entry_1, basic_altar
Lair:5:   wormcave, layout_cave_shapes, lemuel_fruit_tree
Orc:1:    layout_diamond_mine, serial_shops, nicolae_square_shop
Orc:2:    grunt_orc_tribal_feast, layout_diamond_mine, minmay_orc_temple_b

Skill      XL: |  1  2  3  4  5  6  7  8  9 10 11 12 13 14 15 |
---------------+----------------------------------------------+-----
Axes           | 4 5 7 8 9 11 12 13 14 15 16 18 | 18.0
Fighting       | 4 6 8 9 11 13 15 | 15.9
Armour         | 4 5 7 8 10 11 12 | 12.7
Dodging        | 3 5 6 7 9 10 11 12 | 12.0
Shields        | 3 5 8 9 11 12 | 12.3
Evocations     | 3 |  3.6

Action                   |  1- 3 |  4- 6 |  7- 9 | 10-12 | 13-15 || total
-------------------------+-------+-------+-------+-------+-------++-------
Melee: Hand axe          |    93 |   101 |   298 |    13 |       ||   505
       Headbutt          |     6 |    13 |    50 |    85 |   132 ||   286
       Punch             |       |       |     3 |       |       ||     3
       Broad axe         |       |       |       |   377 |   317 ||   694
       Battleaxe         |       |       |       |    37 |   301 ||   338
Invok: Trog's Hand       |       |     1 |     4 |    10 |    15 ||    30
       Berserk           |       |       |     2 |     1 |       ||     3
       Brothers in Arms  |       |       |       |       |     1 ||     1
  Use: Scroll            |       |     1 |       |    15 |    20 ||    36
       Potion            |       |       |       |     3 |     1 ||     4
 Stab: Petrifying        |       |       |       |       |     1 ||     1
       Petrified         |       |       |       |       |     1 ||     1
Armor: Animal skin       |     7 |       |       |       |       ||     7
       Ring mail         |    14 |     1 |       |       |       ||    15
       Chain mail        |       |    48 |    70 |       |       ||   118
       Plate armour      |       |       |    49 |   207 |   245 ||   501
Dodge: Dodged            |    59 |    29 |    86 |   192 |   313 ||   679
Block: Buckler           |       |       |     7 |    78 |    56 ||   141
